 Seeded DCSS version 0.28-a0-563-gf77a47075d (webtiles) character file.

Game seed: 642837409911815873 (custom seed)

1961 a11behringer the Severer (level 9, -6/70 HPs)
             Began as a Hill Orc Fighter on Oct 1, 2021.
             Was a Priest of Trog.
             Mangled by an orc warrior (13 damage)
             ... on level 7 of the Dungeon.
             The game lasted 00:19:52 (5099 turns).

a11behringer the Severer (Hill Orc Fighter)         Turns: 5099, Time: 00:19:52

Health: -6/70      AC: 10    Str: 19    XL:     9   Next: 19%
Magic:  9/9        EV:  9    Int:  8    God:    Trog [***...]
Gold:   70         SH:  0    Dex: 13    Spells: 8/8 levels left

rFire   . . .      SeeInvis .   l - +2 battleaxe (drain)
rCold   . . .      Faith    .   (shield currently unavailable)
rNeg    . . .      Spirit   .   b - +0 scale mail
rPois   .          Reflect  .   (helmet restricted)
rElec   .          Harm     .   (no cloak)
rCorr   .          Rampage  .   f - +0 pair of gloves
Will    .....                   (no boots)
Stlth   ..........              (no amulet)
HPRegen 0.21/turn               o - +4 ring of slaying
MPRegen 0.11/turn               (no ring)

@: on berserk cooldown, slowed, very slow
A: horns 1, iridescent scales 1
a: Renounce Religion, Berserk, Trog's Hand


You were on level 7 of the Dungeon.
You worshipped Trog.
Trog was most pleased with you.
You visited 1 branch of the dungeon, and saw 7 of its levels.

You collected 336 gold pieces.
You spent 266 gold pieces at shops.

Inventory:

Hand Weapons
 a - a +1 war axe
 g - a +3 whip
 j - a +1 whip of electrocution
 l - a +2 battleaxe of draining (weapon)
Missiles
 k - 38 sling bullets
 p - 6 bolts
Armour
 b - a +0 scale mail (worn)
 c - a +0 buckler
 f - a +0 pair of gloves (worn)
 m - a +2 helmet
 q - a +1 chain mail
Jewellery
 o - a +4 ring of slaying (left hand)
Wands
 r - a wand of acid (8)
Scrolls
 h - a scroll of teleportation
 s - a scroll of enchant armour
Potions
 d - a potion of might
 e - a potion of heal wounds {unknown}
 i - a potion of invisibility
 n - a potion of berserk rage {unknown}


   Skills:
 - Level 3.6 Fighting
 * Level 15.1 Axes
 - Level 3.2 Armour
 - Level 3.2 Shields


You had 8 spell levels left.
You didn't know any spells.
Your spell library was empty.

Dungeon Overview and Level Annotations

Branches:
Dungeon (6/15)
 Temple: D:4-7

Altars:
Trog

Shops:
D:4 ((**=


Innate Abilities, Weirdness & Mutations

You have a pair of small horns on your head.
You are partially covered in iridescent scales. (AC +2)


Message History

a +0 whip; a +0 robe; a gnoll corpse You slice the gnoll!!
You kill the gnoll!
Trog accepts your kill.
You closely miss the gnoll. The gnoll hits you with a +0 halberd!
* * * LOW HITPOINT WARNING * * *
The gnoll hits you from afar with a +0 halberd.
* * * LOW HITPOINT WARNING * * *
You see here a +0 spear.
You feel a strong urge to attack something.
The orc warrior barely misses you.
You slash the gnoll!
You kill the gnoll!
Trog accepts your kill.
You closely miss the orc warrior. The orc warrior barely misses you.
Things that are here:
a +0 halberd; a gnoll corpse You barely miss the orc warrior.
The orc warrior is heavily wounded.
You closely miss the orc warrior. Your headbutt misses the orc warrior.
The orc warrior is heavily wounded.
You are no longer berserk.
You are exhausted.
You feel yourself slow down.
Your skin stops crawling.
You feel less strong-willed.
The orc warrior hits you with a +0 halberd!
* * * LOW HITPOINT WARNING * * *
You closely miss the orc warrior.
The orc warrior is heavily wounded.
The orc warrior barely misses you.
You closely miss the orc warrior.
The orc warrior is heavily wounded.
The orc warrior hits you with a +0 halberd.
* * * LOW HITPOINT WARNING * * *
The orc warrior closely misses you.
You closely miss the orc warrior. Your headbutt misses the orc warrior.
The orc warrior is heavily wounded.
The orc warrior hits you with a +0 halberd!
You die...

.###### .#
.....!# .#
#....# .# .
#....# .# #.
...# .#
#..####.###.#
#..........###
#....@o)....#
###...))..#....#
####)...# #..
####.# .# .# .#
.#


You could see an orc warrior.

Vanquished Creatures
  A centaur zombie (D:5)
  A troll (D:5)
  A sky beast (D:5)
  2 black bears
  2 ogres (D:5)
  2 necrophages
  A scorpion (D:3)
  3 water moccasin zombies (D:5)
  A water moccasin skeleton (D:4)
  4 wights
  2 gnoll shamans
  2 hounds
  An iguana (D:4)
  A hound skeleton (D:4)
  9 gnolls
  4 adders
  3 white imps
  An ufetubus (D:5)
  2 dart slugs (D:2)
  3 orcs
  An endoplasm (D:4)
  4 giant cockroaches
  12 goblins
  6 hobgoblins
  3 jackals (D:4)
  5 kobolds
  2 quokkas
  7 ball pythons
  10 bats
  7 frilled lizards
  5 rats
108 creatures vanquished.

Notes
Turn   | Place    | Note
-------+----------+-------------------------------------------
     0 | D:1      | a11behringer the Hill Orc Fighter began the quest for the
                  | Orb.
     0 | D:1      | Reached XP level 1. HP: 19/19 MP: 1/1
    26 | D:1      | Found a faded altar of an unknown god.
    34 | D:1      | Reached skill level 3 in Axes
    75 | D:1      | Became a worshipper of Trog the Wrathful
    75 | D:1      | Reached * piety under Trog
   215 | D:1      | Reached XP level 2. HP: 23/26 MP: 2/2
   555 | D:1      | Reached skill level 4 in Axes
  1039 | D:2      | Reached XP level 3. HP: 15/31 MP: 3/3
  1253 | D:2      | Reached skill level 5 in Axes
  1378 | D:2      | Noticed a necrophage
  1385 | D:2      | Killed a necrophage
  1385 | D:2      | Reached ** piety under Trog
  1386 | D:2      | Reached skill level 6 in Axes
  1386 | D:2      | Reached XP level 4. HP: 27/39 MP: 4/4
  1386 | D:2      | Reached XP level 5. HP: 31/45 MP: 5/5
  1718 | D:2      | You fall into a shaft and drop 1 floor!
  1747 | D:3      | Reached skill level 7 in Axes
  2405 | D:2      | Reached skill level 8 in Axes
  2420 | D:2      | Reached XP level 6. HP: 51/51 MP: 6/6
  2978 | D:4      | Found Duihutesou's Antique Weapon Shop.
  2996 | D:4      | Found Ahyd's Jewellery Shop.
  3040 | D:4      | Reached skill level 9 in Axes
  3076 | D:4      | Found Daop's Antique Weapon Emporium.
  3281 | D:4      | Noticed a black bear
  3287 | D:4      | Killed a black bear
  3288 | D:4      | Reached XP level 7. HP: 57/57 MP: 7/7
  3294 | D:4      | Reached skill level 10 in Axes
  3469 | D:4      | Found Kamp's Assorted Antiques.
  3480 | D:4      | Found Zaniurer's Assorted Antiques.
  3629 | D:4      | Bought a glowing battleaxe for 266 gold pieces
  3667 | D:5      | Entered Level 5 of the Dungeon
  3672 | D:5      | Gained mutation: You are partially covered in iridescent
                  | scales. (AC +2) [potion of mutation]
  3672 | D:5      | Gained mutation: You have a pair of small horns on your
                  | head. [potion of mutation]
  3826 | D:5      | Reached skill level 11 in Axes
  4036 | D:5      | Reached XP level 8. HP: 64/64 MP: 8/8
  4047 | D:5      | Reached *** piety under Trog
  4053 | D:5      | Noticed a troll
  4056 | D:5      | Killed a troll
  4057 | D:5      | Reached skill level 12 in Axes
  4263 | D:5      | Reached skill level 13 in Axes
  4284 | D:5      | Reached skill level 14 in Axes
  4816 | D:6      | Reached XP level 9. HP: 70/70 MP: 9/9
  5076 | D:6      | You fall into a shaft and drop 1 floor!
  5088 | D:7      | Reached skill level 15 in Axes
  5099 | D:7      | Mangled by an orc warrior

Illustrated notes

Levels and vault maps discovered:
D:1:      psy_arrival_spokes, layout_loops_corners,
          hellmonk_ecumenical_altar_lost_god
D:2:      kennysheep_six_static_rooms, layout_basic, grunt_decor_junction,
          minmay_crystal_water
D:3:      layout_basic
D:4:      cheibrodos_greedy_goblins, layout_rooms, serial_shops, shop_statue,
          nicolae_take_the_stairs, nicolae_shop_waterfront, shop, shop
D:5:      layout_gridville
D:6:      layout_loops_corners, grunt_decor_fettered
D:7:      minmay_recursive_quarters, layout_loops_ring,
          mainiacjoe_overflow_chevrons, temple_hall

Skill      XL: |  1  2  3  4  5  6  7  8  9 |
---------------+----------------------------+-----
Axes           | 3 4 6 8 9 11 14 15 | 15.1
Fighting       | |  3.6
Armour         | |  3.2
Shields        | |  3.2

Action                   |  1- 3 |  4- 6 |  7- 9 || total
-------------------------+-------+-------+-------++-------
Melee: War axe           |    95 |    96 |    27 ||   218
       Headbutt          |       |       |    11 ||    11
       Battleaxe         |       |       |    48 ||    48
Invok: Trog's Hand       |       |     1 |     2 ||     3
       Berserk           |       |     1 |     1 ||     2
  Use: Scroll            |     2 |       |     7 ||     9
       Potion            |       |       |     1 ||     1
Armor: Scale mail        |    52 |    57 |    30 ||   139
Dodge: Dodged            |    48 |    51 |    45 ||   144
Block: Buckler           |    30 |    19 |     5 ||    54

Table legend: (Time is in decaauts)
 A = Elapsed time spent in this place.
 B = Non-inter-level travel time spent in this place.
 C = Inter-level travel time spent in this place.
 D = Time resting spent in this place.
 E = Time spent auto-exploring this place.
 F = Levels seen in this place.
 G = Mean time per level.
                   A        B        C        D        E       F      G
               +--------+--------+--------+--------+--------+-----+--------+
         Total |   5146 |   3970 |   1176 |      0 |   3281 |   7 |  735.1 |
       Dungeon |   5146 |   3970 |   1176 |      0 |   3281 |   7 |  735.1 |
               +--------+--------+--------+--------+--------+-----+--------+

Top non-repeatable levels by time:
     D:2: 1159 daAuts
     D:5: 1017 daAuts
     D:1: 1009 daAuts
     D:3: 847 daAuts
     D:4: 713 daAuts
     D:6: 382 daAuts
     D:7: 16 daAuts
